 Dungeon Crawl Stone Soup version 0.29-a0-397-g846e4a0bbc (webtiles) character file.

Game seed: 17554793229174811717

36 holysushi the Magician (level 3, 0/29 HPs)
             Began as a Djinni Wanderer on May 12, 2022.
             Was a Follower of Nemelex Xobeh.
             Slain by an adder (2 damage)
             ... on level 1 of the Dungeon.
             The game lasted 00:06:41 (1897 turns).

holysushi the Magician (Djinni Wanderer)            Turns: 1897, Time: 00:06:42

Health: 0/29       AC:  3    Str:  8    XL:     3   Next: 57%
Gold:   37         EV: 12    Int: 13    God:    Nemelex Xobeh [*.....] SH:  5 Dex: 17

rFire   + + .      SeeInvis .   a - +0 dagger
rCold   x . .      Faith    .   b - +0 buckler
rNeg    . . .      Spirit   .   c - +0 robe
rPois   ∞          Reflect  .   (no helmet)
rElec   .          Harm     .   j - +0 cloak
rCorr   .          Rampage  .   (no gloves)
Will    .....                   (boots unavailable)
Stlth   ++........              (no amulet)
HPRegen 0.09/turn               (no ring)
MPRegen 0.00/turn               (no ring)

@: flying, very slightly contaminated
A: sickness immunity, fire resistance 2, cold vulnerability 1, float, innate
caster, HP casting, extra vitality 1
a: Renounce Religion, Draw Escape, Draw Destruction, Draw Summoning


You were on level 1 of the Dungeon.
You worshipped Nemelex Xobeh.
Nemelex Xobeh was aware of your devotion.
You visited 1 branch of the dungeon, and saw 2 of its levels.

You collected 37 gold pieces.

Inventory:

Hand Weapons
 a - a +0 dagger (weapon)
Armour
 b - a +0 buckler (worn)
 c - a +0 robe (worn)
 j - a +0 cloak (worn)
Scrolls
 f - a scroll of acquirement {unknown}
 g - a scroll of enchant armour {unknown}
 h - 2 scrolls of vulnerability {unknown}
 i - a scroll of amnesia {unknown}
Potions
 d - 2 potions of curing
 e - a potion of mutation {unknown}


   Skills:
 + Level 2.3 Fighting
 + Level 2.3 Dodging
 + Level 0.1 Stealth
 - Level 2.0 Shields
 - Level 1.0 Unarmed Combat
 + Level 2.4 Spellcasting
 - Level 1.0 Invocations


You couldn't memorise any spells.
You knew the following spells:

 Your Spells              Type           Power      Damage    Failure   Level
a - Freeze                Ice            28%        1d5       12%         1
b - Ensorcelled Hibernat  Hex/Ice        14%        N/A       19%         2
c - Ozocubu's Armour      Ice            7%         N/A       34%         3
d - Slow                  Hex            28%        N/A       12%         1

Your spell library contained the following spells:

 Spells                   Type           Power      Damage    Failure   Level


Dungeon Overview and Level Annotations

Branches:
Dungeon (2/15)

Altars:
Nemelex Xobeh

Shops:
D:2 !


Innate Abilities, Weirdness & Mutations

You are immune to sickness and miasma.
You are immune to poison.
Your flesh is very heat resistant. (rF++)
You are vulnerable to cold. (rC-)
You float through the air rather than walking.
You learn spells naturally, not from books.
Your magical power is your life essence.
You have superior vitality. (+4 MHP)


Message History

The adder misses you. The kobold barely misses you.
Casting: Freeze (safe; 12% risk of failure)
Confirm with . or Enter, or press ? or * to list all spells.
Aiming: Freeze (safe; 12% risk of failure)
Press: ? - help, Shift-Dir - straight line, f/p - adder
Aim: an adder (moderately wounded)
You freeze the adder.
The adder is heavily wounded.
The adder seems to slow down.
* * * LOW HITPOINT WARNING * * *
The adder barely misses you.
A worm comes into view.
The kobold hits you but does no damage.
Unknown command.
Unknown command.
The kobold attacks as you move away! The kobold hits you with a +0 dagger.
* * * LOW HITPOINT WARNING * * *
The kobold attacks as you move away! You block the kobold's attack.
There is a stone staircase leading up here.
Unknown command.
The adder is no longer moving slowly.
The adder bites you but does no damage. The kobold hits you with a +0 dagger.
* * * LOW HITPOINT WARNING * * *
You fly upwards.
There is a stone staircase leading down here.
You closely miss the adder.
The adder is heavily wounded.
You block the adder's attack. The kobold hits you with a +0 dagger.
* * * LOW HITPOINT WARNING * * *
Casting: Freeze (safe; 12% risk of failure)
Confirm with . or Enter, or press ? or * to list all spells.
Aiming: Freeze (safe; 12% risk of failure)
Press: ? - help, Shift-Dir - straight line, f - adder
Aim: an adder (heavily wounded)
You freeze the adder.
The adder is almost dead.
* * * LOW HITPOINT WARNING * * *
The adder bites you.
You die...
Your body glows slightly and disappears.

############ #.....##...#
#..........#
#......###.#######
#####.....####.#.....##
#....S@..............##
#.###..K.......#.###...
#.# #..........#.##..##
#.# #....)...........#
####.# #...........#..#.#
#....# #..............#.##
#.#### #..............#...
#.######..........###.#.#.
#.......................#.


You could see an adder and a kobold.

Vanquished Creatures
  An adder (D:2)
  A dart slug (D:1)
  2 bats (D:1)
  A giant cockroach (D:1)
  A goblin (D:1)
  3 hobgoblins (D:1)
  2 quokkas (D:1)
  5 ball pythons (D:1)
  A frilled lizard (D:1)
  4 kobolds (D:1)
  4 rats (D:1)
25 creatures vanquished.

Notes
Turn   | Place    | Note
-------+----------+-------------------------------------------
     0 | D:1      | holysushi the Djinni Wanderer began the quest for the Orb.
     0 | D:1      | Reached XP level 1. HP: 17/17 MP: 0/0
   469 | D:1      | Reached XP level 2. HP: 18/22 MP: 0/0
  1067 | D:1      | Reached XP level 3. HP: 6/28 MP: 0/0
  1067 | D:1      | Learned a level 1 spell: Slow
  1395 | D:1      | Found a faded altar of an unknown god.
  1414 | D:1      | Prayed at the altar of an unknown god.
  1414 | D:1      | Became a worshipper of Nemelex Xobeh the Trickster
  1414 | D:1      | Reached * piety under Nemelex Xobeh
  1474 | D:1      | Received a gift from Nemelex Xobeh
  1876 | D:2      | Found Kikir's Distillery.
  1897 | D:1      | Slain by an adder

Illustrated notes

Levels and vault maps discovered:
D:1:      roderic_chinese_lattice_arrival, layout_basic,
          shapermc_ecumenical_altar_flowoftime, minmay_pentomino_p2
D:2:      layout_basic, serial_shops, nicolae_shop_statue_plus, uniq_jessica,
          uniq_terence

Skill      XL: |  1  2 |
---------------+-------+-----
Fighting       | 2 |  2.3
Dodging        | 2 |  2.3
Stealth        | |  0.1
Shields        | |  2.0
Unarmed Combat | |  1.0
Spellcasting   | |  2.4
Invocations    | |  1.0

Action                   || total
-------------------------++-------
Melee: Dagger            ||    53
 Cast: Freeze            ||    34
       Ensorcelled Hiber ||     2
       Slow              ||     1
       Ozocubu's Armour  ||     1
  Use: Scroll            ||     1
 Stab: Sleeping          ||     4
Armor: Robe              ||    13
Dodge: Dodged            ||    49
Block: Buckler           ||    16

Table legend: (Time is in decaauts)
 A = Elapsed time spent in this place.
 B = Non-inter-level travel time spent in this place.
 C = Inter-level travel time spent in this place.
 D = Time resting spent in this place.
 E = Time spent auto-exploring this place.
 F = Levels seen in this place.
 G = Mean time per level.
                   A        B        C        D        E       F      G
               +--------+--------+--------+--------+--------+-----+--------+
         Total |   1900 |   1886 |     14 |    938 |    573 |   2 |  950.0 |
       Dungeon |   1900 |   1886 |     14 |    938 |    573 |   2 |  950.0 |
               +--------+--------+--------+--------+--------+-----+--------+

Top non-repeatable levels by time:
     D:1: 1881 daAuts
     D:2: 18 daAuts
